Bruins vs Predators

Created - March 3 2011 at 18:56

Goals
1 2 3 T
Bruins 1 1 3 5
Predators 2 2 0 4
Shots
1 2 3 T
Bruins 7 7 13 27
Predators 11 11 9 31

Period #1

1. Bruins , Zdeno Chara 16 (Patrice Bergeron, Mark Recchi) at 10:31
2. Predators , Jeff Carter 36 (Shea Weber) at 10:37
3. Predators , Nicklas Backstrom 31 (Tomas Kaberle, Braydon Coburn) at 16:58

Penalties :
Dennis Seidenberg (BOS) for Tripping (Minor) at 13:28, Dustin Brown (BOS) for Interference (Minor) at 18:08, Dennis Seidenberg (BOS) for Holding (Minor) at 18:34

Period #2

4. Bruins , Dennis Seidenberg 9 (Martin Hanzal, Gregory Campbell) at 5:31
5. Predators , Steven Stamkos 22 (Milan Michalek, Patrik Elias) at 12:31 (PP)
6. Predators , Patrik Elias 24 (Nicklas Backstrom, Tomas Kaberle) at 16:29 (PP)

Penalties :
Niklas Kronwall (BOS) for Delaying the game (Minor) at 3:18, Zbynek Michalek (NSH) for Tripping (Minor) at 6:18, Gregory Campbell (BOS) for Roughing (Minor) at 8:25, Barret Jackman (BOS) for Holding (Minor) at 8:58, Milan Lucic (BOS) for Hooking (Minor) at 12:21, James Vandermeer (BOS) for Boarding (Minor) at 15:25, Colin Fraser (NSH) for Roughing (Minor) at 18:54, Shea Weber (NSH) for High sticking (Minor) at 19:29

Period #3

7. Bruins , Henrik Zetterberg 24 (Zdeno Chara, Nathan Horton) at 4:01 (PP)
8. Bruins , Jordan Leopold 7 (Zdeno Chara) at 5:01 (PP)
9. Bruins , Rich Peverley 19 (Paul Stastny, Dennis Seidenberg) at 5:24 (PP)

Penalties :
Zbynek Michalek (NSH) for Interference (Minor) at 3:24, Zbynek Michalek (NSH) for Hooking (Minor) at 4:34, Shea Weber (NSH) for Slashing (Minor) at 4:49, Milan Lucic (BOS) for Hooking (Minor) at 5:26, Zbynek Michalek (NSH) for Roughing (Minor) at 8:45, Niklas Kronwall (BOS) for Holding (Minor) at 12:33, Milan Michalek (NSH) for Interference (Minor) at 18:47

Goalie Stats

Tuukka Rask (BOS), 12 saves from 12 shots - (1.000), W, 7-2-2, 23:31 minutes
Cam Ward (BOS), 15 saves from 19 shots - (0.789), 36:29 minutes
Pekka Rinne (NSH), 22 saves from 27 shots - (0.815), L, 44-18-4, 60:00 minutes

Players Stats

Bruins
Player Name              G  A  P  +/- PIM S  H  SB FO    MP 
------------------------------------------------------------
Barret Jackman           0  0  0   0  2   0  1  0  0/0   19 
Brad Marchand            0  0  0   0  0   0  0  0  0/0   12 
David Krejci             0  0  0   0  0   1  1  0  9/27  20 
Dennis Seidenberg        1  1  2   0  4   3  2  1  0/0   21 
Dustin Brown             0  0  0   0  2   2  3  0  1/3   17 
Gregory Campbell         0  1  1   0  2   1  2  0  3/4   17 
Henrik Zetterberg        1  0  1   0  0   2  0  0  2/2   13 
James Vandermeer         0  0  0   0  2   2  0  2  0/0   15 
Jordan Leopold           1  0  1   0  0   1  0  2  0/0   19 
Mark Recchi              0  1  1   0  0   1  0  0  0/0   12 
Martin Hanzal            0  1  1   0  0   2  1  0  11/18 12 
Milan Lucic              0  0  0   0  4   0  3  0  0/0   12 
Nathan Horton            0  1  1   0  0   2  1  0  1/2   8  
Niklas Kronwall          0  0  0   0  4   1  1  2  0/0   19 
Patrice Bergeron         0  1  1   0  0   1  0  1  6/16  12 
Paul Stastny             0  1  1   0  0   2  0  0  14/23 15 
Rich Peverley            1  0  1   0  0   4  0  0  1/1   14 
Zdeno Chara              1  2  3   0  0   2  2  3  0/0   25 
Predators
Player Name              G  A  P  +/- PIM S  H  SB FO    MP 
------------------------------------------------------------
Braydon Coburn           0  1  1   0  0   1  0  1  0/0   15 
Brent Burns              0  0  0   0  0   0  0  1  0/0   19 
Colin Fraser             0  0  0  -1  2   0  0  0  6/11  8  
Derek Morris             0  0  0   0  0   0  2  3  0/0   17 
Eric Nystrom             0  0  0  -1  0   0  0  0  0/0   5  
Jeff Carter              1  0  1   1  0   1  0  0  15/34 20 
Marian Gaborik           0  0  0   1  0   2  0  0  0/0   17 
Milan Michalek           0  1  1   0  2   2  0  0  1/2   17 
Nicklas Backstrom        1  1  2   0  0   4  0  0  15/27 19 
Patric Hornqvist         0  0  0   0  0   1  0  0  1/1   14 
Patrik Elias             1  1  2   0  0   4  2  0  0/2   16 
Scottie Upshall          0  0  0   1  0   3  1  0  0/0   8  
Shea Weber               0  1  1   0  4   6  0  2  0/0   23 
Simon Gagne              0  0  0   0  0   2  1  0  0/1   22 
Steven Stamkos           1  0  1   0  0   3  1  0  10/18 20 
Tomas Kaberle            0  2  2   0  0   1  0  1  0/0   20 
Wayne Simmonds           0  0  0  -1  0   1  3  1  0/0   10 
Zbynek Michalek          0  0  0   0  8   0  1  3  0/0   20 

3 Stars

1 - Zdeno Chara (BOS)
2 - Patrik Elias (NSH)
3 - Nicklas Backstrom (NSH)

Power Play

Bruins - 3 on 8 Attempt(s) - 37.50%
Predators - 2 on 10 Attempt(s) - 20.00%

Penalty Kill

Bruins - 8 on 10 Attempt(s) - 80.00% - Score 0 goal in Penalty Kill
Predators - 5 on 8 Attempt(s) - 62.50% - Score 0 goal in Penalty Kill

Game Notes

Tuukka Rask enters game at 16:29 of 2nd period

Finance

Level 1 -- Attendance: 6500 (100.00%) -- Ticket Income $520,000.00
Level 2 -- Attendance: 4769 (95.38%) -- Ticket Income $247,988.00
Level 3 -- Attendance: 3500 (100.00%) -- Ticket Income $105,000.00
Level 4 -- Attendance: 1113 (100.00%) -- Ticket Income $22,260.00
Luxury Box -- Attendance: 1000 (100.00%) -- Ticket Income $135,000.00
Game was played at the Sommet Center
Total Attendance: 16882 (98.65%)
Total Ticket Income: $1,036,437.00
Other Income: $204,274.50
Total Income: $1,240,712.00


Play by Play

Period #1

0:01 of 1st period - Paul Stastny wins face-off versus Jeff Carter in neutral zone.
0:23 of 1st period - Shot by Marian Gaborik.
0:23 of 1st period - Shot Misses the Net.
0:37 of 1st period - Shot by Nathan Horton.
0:37 of 1st period - Stopped by Pekka Rinne without a rebound.
0:38 of 1st period - Nicklas Backstrom wins face-off versus David Krejci in Predators zone.
0:38 of 1st period - Nicklas Backstrom is hit by Dustin Brown.
0:50 of 1st period - Shot by Nicklas Backstrom.
0:50 of 1st period - Stopped by Cam Ward without a rebound.
0:51 of 1st period - Patrice Bergeron wins face-off versus Steven Stamkos in Bruins zone.
1:24 of 1st period - Mark Recchi is hit by Zbynek Michalek and loses puck.
2:34 of 1st period - Icing by Dustin Brown.
2:35 of 1st period - David Krejci wins face-off versus Colin Fraser in Bruins zone.
2:35 of 1st period - Rich Peverley is hit by Wayne Simmonds.
2:58 of 1st period - Eric Nystrom is hit by Niklas Kronwall and loses puck.
3:08 of 1st period - Icing by Brent Burns.
3:09 of 1st period - Colin Fraser wins face-off versus Martin Hanzal in Predators zone.
3:43 of 1st period - Shot by Simon Gagne.
3:43 of 1st period - Stopped by Cam Ward without a rebound.
3:44 of 1st period - Patrice Bergeron wins face-off versus Nicklas Backstrom in Bruins zone.
3:51 of 1st period - Icing by Braydon Coburn.
3:52 of 1st period - Nicklas Backstrom wins face-off versus Patrice Bergeron in Predators zone.
3:57 of 1st period - Patrice Bergeron is hit by Patrik Elias and loses puck.
4:33 of 1st period - Icing by Zdeno Chara.
4:34 of 1st period - Patric Hornqvist wins face-off versus Patrice Bergeron in Bruins zone.
4:47 of 1st period - Icing by Zbynek Michalek.
4:48 of 1st period - Martin Hanzal wins face-off versus Steven Stamkos in Predators zone.
4:51 of 1st period - Shot by Gregory Campbell.
4:51 of 1st period - Stopped by Pekka Rinne without a rebound.
4:52 of 1st period - Martin Hanzal wins face-off versus Jeff Carter in Predators zone.
5:27 of 1st period - Shot by James Vandermeer.
5:27 of 1st period - Stopped by Pekka Rinne without a rebound.
5:28 of 1st period - David Krejci wins face-off versus Steven Stamkos in Predators zone.
5:35 of 1st period - Shot by David Krejci.
5:35 of 1st period - Stopped by Pekka Rinne without a rebound.
5:36 of 1st period - Nicklas Backstrom wins face-off versus David Krejci in Predators zone.
5:42 of 1st period - Off-side.
5:43 of 1st period - Steven Stamkos wins face-off versus Paul Stastny in neutral zone.
5:52 of 1st period - Shot by Steven Stamkos.
5:52 of 1st period - Shot Misses the Net.
6:03 of 1st period - Icing by Simon Gagne.
6:04 of 1st period - Steven Stamkos wins face-off versus David Krejci in Predators zone.
6:45 of 1st period - Shea Weber is hit by Dustin Brown and loses puck.
8:24 of 1st period - Shot by Milan Michalek.
8:24 of 1st period - Stopped by Cam Ward without a rebound.
8:25 of 1st period - Paul Stastny wins face-off versus Steven Stamkos in Bruins zone.
8:42 of 1st period - Simon Gagne is hit by Nathan Horton and loses puck.
9:25 of 1st period - Shot by Dustin Brown.
9:25 of 1st period - Shot Misses the Net.
9:57 of 1st period - Shot by Shea Weber.
9:57 of 1st period - Stopped by Cam Ward without a rebound.
9:58 of 1st period - Milan Michalek wins face-off versus Patrice Bergeron in Bruins zone.
10:03 of 1st period - Shot by Nicklas Backstrom.
10:03 of 1st period - Shot Blocked by Patrice Bergeron.
10:17 of 1st period - Shot by Patrice Bergeron.
10:17 of 1st period - Shot Misses the Net.
10:19 of 1st period - Shot by Patrice Bergeron.
10:19 of 1st period - Shot Misses the Net.
10:21 of 1st period - Shot by Zdeno Chara.
10:21 of 1st period - Stopped by Pekka Rinne with a rebound.
10:23 of 1st period - Shot by Jordan Leopold.
10:23 of 1st period - Shot Blocked by Tomas Kaberle.
10:25 of 1st period - Shot by Patrice Bergeron.
10:25 of 1st period - Deflect By Mark Recchi.
10:25 of 1st period - Stopped by Pekka Rinne with a rebound.
10:29 of 1st period - Shot by Patrice Bergeron.
10:29 of 1st period - Shot Misses the Net.
10:31 of 1st period - Shot by Zdeno Chara.
10:31 of 1st period - Goal by Zdeno Chara - Bruins : 1 - Predators : 0.
10:32 of 1st period - Martin Hanzal wins face-off versus Jeff Carter in neutral zone.
10:32 of 1st period - James Vandermeer is hit by Scottie Upshall and loses puck.
10:37 of 1st period - Shot by Jeff Carter.
10:37 of 1st period - Goal by Jeff Carter - Bruins : 1 - Predators : 1.
10:38 of 1st period - Colin Fraser wins face-off versus Martin Hanzal in neutral zone.
10:40 of 1st period - Off-side.
10:41 of 1st period - Martin Hanzal wins face-off versus Jeff Carter in neutral zone.
11:03 of 1st period - Shea Weber is hit by Dennis Seidenberg and loses puck.
11:07 of 1st period - Icing by James Vandermeer.
11:08 of 1st period - Martin Hanzal wins face-off versus Milan Michalek in Bruins zone.
12:22 of 1st period - Icing by Steven Stamkos.
12:23 of 1st period - Steven Stamkos wins face-off versus Patrice Bergeron in Predators zone.
13:28 of 1st period - Shot by Scottie Upshall.
13:28 of 1st period - Stopped by Cam Ward without a rebound.
13:28 of 1st period - Minor Penalty to Dennis Seidenberg for Tripping.
13:29 of 1st period - Nicklas Backstrom wins face-off versus Paul Stastny in Bruins zone.
13:32 of 1st period - Shot by Marian Gaborik.
13:32 of 1st period - Shot Blocked by Niklas Kronwall.
13:34 of 1st period - Shot by Shea Weber.
13:34 of 1st period - Stopped by Cam Ward without a rebound.
13:35 of 1st period - Jeff Carter wins face-off versus David Krejci in Bruins zone.
14:33 of 1st period - Shot by Nicklas Backstrom.
14:33 of 1st period - Shot Blocked by Zdeno Chara.
14:35 of 1st period - Shot by Marian Gaborik.
14:35 of 1st period - Shot Misses the Net.
14:37 of 1st period - Shot by Nicklas Backstrom.
14:37 of 1st period - Shot Blocked by Zdeno Chara.
14:39 of 1st period - Shot by Shea Weber.
14:39 of 1st period - Stopped by Cam Ward without a rebound.
14:40 of 1st period - Nicklas Backstrom wins face-off versus David Krejci in Bruins zone.
15:53 of 1st period - Icing by Dennis Seidenberg.
15:54 of 1st period - Martin Hanzal wins face-off versus Colin Fraser in Bruins zone.
16:47 of 1st period - Braydon Coburn is hit by Milan Lucic and loses puck.
16:58 of 1st period - Shot by Nicklas Backstrom.
16:58 of 1st period - Goal by Nicklas Backstrom - Bruins : 1 - Predators : 2.
16:59 of 1st period - Steven Stamkos wins face-off versus David Krejci in neutral zone.
17:20 of 1st period - Icing by Zbynek Michalek.
17:21 of 1st period - Steven Stamkos wins face-off versus Patrice Bergeron in Predators zone.
18:08 of 1st period - Minor Penalty to Dustin Brown for Interference.
18:09 of 1st period - Henrik Zetterberg wins face-off versus Nicklas Backstrom in Bruins zone.
18:09 of 1st period - Henrik Zetterberg is hit by Simon Gagne.
18:24 of 1st period - Nicklas Backstrom is hit by Zdeno Chara and loses puck.
18:34 of 1st period - Minor Penalty to Dennis Seidenberg for Holding.
18:35 of 1st period - Jeff Carter wins face-off versus Paul Stastny in Bruins zone.
18:40 of 1st period - Shot by Patrik Elias.
18:40 of 1st period - Shot Misses the Net.
18:42 of 1st period - Shot by Braydon Coburn.
18:42 of 1st period - Stopped by Cam Ward without a rebound.
18:43 of 1st period - Paul Stastny wins face-off versus Jeff Carter in Bruins zone.
19:32 of 1st period - Shot by Shea Weber.
19:32 of 1st period - Stopped by Cam Ward without a rebound.
19:33 of 1st period - Gregory Campbell wins face-off versus Nicklas Backstrom in Bruins zone.
19:39 of 1st period - Icing by Shea Weber.
19:40 of 1st period - Nicklas Backstrom wins face-off versus Gregory Campbell in Predators zone.

Period #2

0:01 of 2nd period - Gregory Campbell wins face-off versus Nicklas Backstrom in neutral zone.
0:26 of 2nd period - Nicklas Backstrom is hit by Gregory Campbell and loses puck.
0:42 of 2nd period - Shot by Milan Lucic.
0:42 of 2nd period - Shot Misses the Net.
1:29 of 2nd period - Icing by Patric Hornqvist.
1:30 of 2nd period - Steven Stamkos wins face-off versus Martin Hanzal in Predators zone.
2:19 of 2nd period - Shot by Patrik Elias.
2:19 of 2nd period - Shot Misses the Net.
2:21 of 2nd period - Shot by Milan Michalek.
2:21 of 2nd period - Shot Misses the Net.
2:23 of 2nd period - Shot by Tomas Kaberle.
2:23 of 2nd period - Shot Blocked by James Vandermeer.
2:27 of 2nd period - Shot by Nicklas Backstrom.
2:27 of 2nd period - Shot Misses the Net.
2:31 of 2nd period - Shot by Milan Michalek.
2:31 of 2nd period - Deflect By Patrik Elias.
2:31 of 2nd period - Stopped by Cam Ward without a rebound.
2:32 of 2nd period - David Krejci wins face-off versus Jeff Carter in Bruins zone.
3:17 of 2nd period - Shot by Nicklas Backstrom.
3:17 of 2nd period - Shot Misses the Net.
3:18 of 2nd period - Minor Penalty to Niklas Kronwall for Delaying the game.
3:19 of 2nd period - Nathan Horton wins face-off versus Jeff Carter in Bruins zone.
4:11 of 2nd period - Shot by Simon Gagne.
4:11 of 2nd period - Shot Misses the Net.
4:15 of 2nd period - Shot by Marian Gaborik.
4:15 of 2nd period - Shot Blocked by Jordan Leopold.
4:17 of 2nd period - Shot by Simon Gagne.
4:17 of 2nd period - Shot Misses the Net.
4:19 of 2nd period - Shot by Simon Gagne.
4:19 of 2nd period - Stopped by Cam Ward without a rebound.
4:20 of 2nd period - Nicklas Backstrom wins face-off versus David Krejci in Bruins zone.
4:23 of 2nd period - Shot by Simon Gagne.
4:23 of 2nd period - Shot Blocked by Dennis Seidenberg.
4:27 of 2nd period - Shot by Simon Gagne.
4:27 of 2nd period - Deflect By Marian Gaborik.
4:27 of 2nd period - Stopped by Cam Ward with a rebound.
4:31 of 2nd period - Shot by Nicklas Backstrom.
4:31 of 2nd period - Shot Misses the Net.
4:33 of 2nd period - Shot by Marian Gaborik.
4:33 of 2nd period - Stopped by Cam Ward without a rebound.
4:34 of 2nd period - Dustin Brown wins face-off versus Jeff Carter in Bruins zone.
5:31 of 2nd period - Shot by Dennis Seidenberg.
5:31 of 2nd period - Goal by Dennis Seidenberg - Bruins : 2 - Predators : 2.
5:32 of 2nd period - Patrice Bergeron wins face-off versus Steven Stamkos in neutral zone.
6:18 of 2nd period - Minor Penalty to Zbynek Michalek for Tripping.
6:19 of 2nd period - Jeff Carter wins face-off versus Paul Stastny in Predators zone.
6:30 of 2nd period - Shot by Niklas Kronwall.
6:30 of 2nd period - Deflect By Rich Peverley.
6:30 of 2nd period - Stopped by Pekka Rinne with a rebound.
6:38 of 2nd period - Shot by Dustin Brown.
6:38 of 2nd period - Stopped by Pekka Rinne with a rebound.
7:14 of 2nd period - Shot by Barret Jackman.
7:14 of 2nd period - Shot Blocked by Shea Weber.
7:53 of 2nd period - Shot by Dennis Seidenberg.
7:53 of 2nd period - Stopped by Pekka Rinne without a rebound.
7:54 of 2nd period - Jeff Carter wins face-off versus David Krejci in Predators zone.
8:22 of 2nd period - Shot by Martin Hanzal.
8:22 of 2nd period - Stopped by Pekka Rinne without a rebound.
8:23 of 2nd period - Nicklas Backstrom wins face-off versus Martin Hanzal in Predators zone.
8:25 of 2nd period - Minor Penalty to Gregory Campbell for Roughing.
8:26 of 2nd period - Patrice Bergeron wins face-off versus Patrik Elias in Bruins zone.
8:58 of 2nd period - Minor Penalty to Barret Jackman for Holding.
8:59 of 2nd period - Nicklas Backstrom wins face-off versus Nathan Horton in Bruins zone.
9:20 of 2nd period - Shot by Nicklas Backstrom.
9:20 of 2nd period - Shot Misses the Net.
10:01 of 2nd period - Shot by Patrik Elias.
10:01 of 2nd period - Stopped by Cam Ward without a rebound.
10:02 of 2nd period - Jeff Carter wins face-off versus Dustin Brown in Bruins zone.
10:18 of 2nd period - Shot by Milan Michalek.
10:18 of 2nd period - Stopped by Cam Ward with a rebound.
11:01 of 2nd period - Off-side.
11:02 of 2nd period - Martin Hanzal wins face-off versus Colin Fraser in neutral zone.
11:13 of 2nd period - Gregory Campbell is hit by Wayne Simmonds and loses puck.
11:20 of 2nd period - Shot by Dennis Seidenberg.
11:20 of 2nd period - Shot Misses the Net.
12:03 of 2nd period - Off-side.
12:04 of 2nd period - Steven Stamkos wins face-off versus Patrice Bergeron in neutral zone.
12:21 of 2nd period - Minor Penalty to Milan Lucic for Hooking.
12:22 of 2nd period - Jeff Carter wins face-off versus Paul Stastny in Bruins zone.
12:27 of 2nd period - Shot by Patrik Elias.
12:27 of 2nd period - Shot Misses the Net.
12:31 of 2nd period - Shot by Steven Stamkos.
12:31 of 2nd period - Goal by Steven Stamkos - Bruins : 2 - Predators : 3.
12:32 of 2nd period - Rich Peverley wins face-off versus Jeff Carter in neutral zone.
13:41 of 2nd period - Shot by Patrice Bergeron.
13:41 of 2nd period - Shot Blocked by Derek Morris.
13:43 of 2nd period - Shot by Milan Lucic.
13:43 of 2nd period - Shot Blocked by Zbynek Michalek.
14:12 of 2nd period - Shot by Dennis Seidenberg.
14:12 of 2nd period - Stopped by Pekka Rinne without a rebound.
14:13 of 2nd period - Nicklas Backstrom wins face-off versus Paul Stastny in Predators zone.
14:23 of 2nd period - Patrik Elias is hit by Barret Jackman and loses puck.
14:29 of 2nd period - Icing by Henrik Zetterberg.
14:30 of 2nd period - Paul Stastny wins face-off versus Nicklas Backstrom in Bruins zone.
15:25 of 2nd period - Minor Penalty to James Vandermeer for Boarding.
15:26 of 2nd period - Gregory Campbell wins face-off versus Jeff Carter in Bruins zone.
16:29 of 2nd period - Shot by Patrik Elias.
16:29 of 2nd period - Goal by Patrik Elias - Bruins : 2 - Predators : 4.
16:29 of 2nd period - Tuukka Rask enters game.
16:30 of 2nd period - Steven Stamkos wins face-off versus Patrice Bergeron in neutral zone.
16:57 of 2nd period - Shot by Mark Recchi.
16:57 of 2nd period - Shot Misses the Net.
17:01 of 2nd period - Shot by Patrice Bergeron.
17:01 of 2nd period - Stopped by Pekka Rinne without a rebound.
17:02 of 2nd period - Martin Hanzal wins face-off versus Nicklas Backstrom in Predators zone.
17:10 of 2nd period - Icing by Braydon Coburn.
17:11 of 2nd period - Nicklas Backstrom wins face-off versus David Krejci in Predators zone.
17:15 of 2nd period - Patrik Elias is hit by Dustin Brown and loses puck.
17:38 of 2nd period - Shot by Patrik Elias.
17:38 of 2nd period - Stopped by Tuukka Rask with a rebound.
17:40 of 2nd period - Shot by Tomas Kaberle.
17:40 of 2nd period - Shot Blocked by Niklas Kronwall.
18:08 of 2nd period - Shot by Scottie Upshall.
18:08 of 2nd period - Shot Misses the Net.
18:11 of 2nd period - Icing by James Vandermeer.
18:12 of 2nd period - Martin Hanzal wins face-off versus Steven Stamkos in Bruins zone.
18:29 of 2nd period - Shot by Patric Hornqvist.
18:29 of 2nd period - Stopped by Tuukka Rask with a rebound.
18:31 of 2nd period - Shot by Simon Gagne.
18:31 of 2nd period - Shot Misses the Net.
18:35 of 2nd period - Shot by Steven Stamkos.
18:35 of 2nd period - Stopped by Tuukka Rask with a rebound.
18:37 of 2nd period - Shot by Patric Hornqvist.
18:37 of 2nd period - Deflect By Steven Stamkos.
18:37 of 2nd period - Shot Misses the Net.
18:43 of 2nd period - Shot by Steven Stamkos.
18:43 of 2nd period - Shot Misses the Net.
18:54 of 2nd period - Minor Penalty to Colin Fraser for Roughing.
18:55 of 2nd period - David Krejci wins face-off versus Jeff Carter in Predators zone.
19:29 of 2nd period - Minor Penalty to Shea Weber for High sticking.
19:30 of 2nd period - Paul Stastny wins face-off versus Nicklas Backstrom in Predators zone.

Period #3

0:01 of 3rd period - Nicklas Backstrom wins face-off versus David Krejci in neutral zone.
0:07 of 3rd period - Icing by Zdeno Chara.
0:08 of 3rd period - Nicklas Backstrom wins face-off versus David Krejci in Bruins zone.
0:08 of 3rd period - Braydon Coburn is hit by Zdeno Chara and loses puck.
0:33 of 3rd period - Shot by Henrik Zetterberg.
0:33 of 3rd period - Deflect By David Krejci.
0:33 of 3rd period - Shot Misses the Net.
0:35 of 3rd period - Shot by Zdeno Chara.
0:35 of 3rd period - Shot Blocked by Zbynek Michalek.
0:37 of 3rd period - Shot by Zdeno Chara.
0:37 of 3rd period - Shot Blocked by Braydon Coburn.
0:39 of 3rd period - Shot by Henrik Zetterberg.
0:39 of 3rd period - Shot Blocked by Zbynek Michalek.
1:44 of 3rd period - Shot by Marian Gaborik.
1:44 of 3rd period - Shot Misses the Net.
1:48 of 3rd period - Shot by Scottie Upshall.
1:48 of 3rd period - Stopped by Tuukka Rask without a rebound.
1:49 of 3rd period - Nicklas Backstrom wins face-off versus Patrice Bergeron in Bruins zone.
2:14 of 3rd period - Shot by Mark Recchi.
2:14 of 3rd period - Shot Misses the Net.
2:16 of 3rd period - Shot by Patrice Bergeron.
2:16 of 3rd period - Shot Misses the Net.
2:39 of 3rd period - Off-side.
2:40 of 3rd period - Martin Hanzal wins face-off versus Jeff Carter in neutral zone.
2:47 of 3rd period - Shot by James Vandermeer.
2:47 of 3rd period - Stopped by Pekka Rinne with a rebound.
3:01 of 3rd period - Shot by Martin Hanzal.
3:01 of 3rd period - Stopped by Pekka Rinne without a rebound.
3:02 of 3rd period - David Krejci wins face-off versus Steven Stamkos in Predators zone.
3:24 of 3rd period - Minor Penalty to Zbynek Michalek for Interference.
3:25 of 3rd period - Paul Stastny wins face-off versus Colin Fraser in Predators zone.
3:30 of 3rd period - Shot by Niklas Kronwall.
3:30 of 3rd period - Shot Misses the Net.
3:32 of 3rd period - Shot by Dennis Seidenberg.
3:32 of 3rd period - Shot Blocked by Derek Morris.
3:36 of 3rd period - Shot by Paul Stastny.
3:36 of 3rd period - Stopped by Pekka Rinne without a rebound.
3:37 of 3rd period - Jeff Carter wins face-off versus David Krejci in Predators zone.
3:43 of 3rd period - Icing by Nathan Horton.
3:44 of 3rd period - Jeff Carter wins face-off versus David Krejci in Bruins zone.
3:48 of 3rd period - Icing by Henrik Zetterberg.
3:49 of 3rd period - David Krejci wins face-off versus Jeff Carter in Bruins zone.
3:49 of 3rd period - David Krejci is hit by Wayne Simmonds.
3:59 of 3rd period - Shot by Zdeno Chara.
3:59 of 3rd period - Shot Misses the Net.
4:01 of 3rd period - Shot by Zdeno Chara.
4:01 of 3rd period - Deflect By Henrik Zetterberg.
4:01 of 3rd period - Goal by Henrik Zetterberg - Bruins : 3 - Predators : 4.
4:02 of 3rd period - Steven Stamkos wins face-off versus Martin Hanzal in neutral zone.
4:27 of 3rd period - Shot by Steven Stamkos.
4:27 of 3rd period - Shot Blocked by James Vandermeer.
4:34 of 3rd period - Minor Penalty to Zbynek Michalek for Hooking.
4:35 of 3rd period - Jeff Carter wins face-off versus Paul Stastny in Predators zone.
4:49 of 3rd period - Minor Penalty to Shea Weber for Slashing.
4:50 of 3rd period - Colin Fraser wins face-off versus David Krejci in Predators zone.
5:01 of 3rd period - Shot by Jordan Leopold.
5:01 of 3rd period - Goal by Jordan Leopold - Bruins : 4 - Predators : 4.
5:02 of 3rd period - Paul Stastny wins face-off versus Jeff Carter in neutral zone.
5:16 of 3rd period - Shot by Paul Stastny.
5:16 of 3rd period - Shot Blocked by Wayne Simmonds.
5:18 of 3rd period - Shot by Dennis Seidenberg.
5:18 of 3rd period - Shot Misses the Net.
5:22 of 3rd period - Shot by Paul Stastny.
5:22 of 3rd period - Shot Misses the Net.
5:24 of 3rd period - Shot by Rich Peverley.
5:24 of 3rd period - Goal by Rich Peverley - Bruins : 5 - Predators : 4.
5:25 of 3rd period - Jeff Carter wins face-off versus Patrice Bergeron in neutral zone.
5:25 of 3rd period - Jeff Carter is hit by Milan Lucic.
5:26 of 3rd period - Minor Penalty to Milan Lucic for Hooking.
5:27 of 3rd period - Paul Stastny wins face-off versus Nicklas Backstrom in Bruins zone.
5:50 of 3rd period - Shot by Tomas Kaberle.
5:50 of 3rd period - Stopped by Tuukka Rask without a rebound.
5:51 of 3rd period - Jeff Carter wins face-off versus David Krejci in Bruins zone.
6:10 of 3rd period - Shot by Steven Stamkos.
6:10 of 3rd period - Stopped by Tuukka Rask without a rebound.
6:11 of 3rd period - Paul Stastny wins face-off versus Nicklas Backstrom in Bruins zone.
7:51 of 3rd period - Shot by Wayne Simmonds.
7:51 of 3rd period - Stopped by Tuukka Rask without a rebound.
7:52 of 3rd period - Steven Stamkos wins face-off versus Martin Hanzal in Bruins zone.
7:52 of 3rd period - Jeff Carter is hit by Dennis Seidenberg.
8:17 of 3rd period - Jeff Carter is hit by Gregory Campbell and loses puck.
8:45 of 3rd period - Minor Penalty to Zbynek Michalek for Roughing.
8:46 of 3rd period - Colin Fraser wins face-off versus David Krejci in Predators zone.
8:46 of 3rd period - Colin Fraser is hit by David Krejci.
8:55 of 3rd period - Off-side.
8:56 of 3rd period - Colin Fraser wins face-off versus Paul Stastny in neutral zone.
9:09 of 3rd period - Shot by Barret Jackman.
9:09 of 3rd period - Shot Misses the Net.
9:13 of 3rd period - Shot by Paul Stastny.
9:13 of 3rd period - Shot Misses the Net.
9:15 of 3rd period - Shot by Niklas Kronwall.
9:15 of 3rd period - Stopped by Pekka Rinne with a rebound.
9:17 of 3rd period - Shot by Barret Jackman.
9:17 of 3rd period - Shot Misses the Net.
9:19 of 3rd period - Shot by Niklas Kronwall.
9:19 of 3rd period - Shot Blocked by Brent Burns.
9:31 of 3rd period - Shot by Dustin Brown.
9:31 of 3rd period - Deflect By Rich Peverley.
9:31 of 3rd period - Stopped by Pekka Rinne without a rebound.
9:32 of 3rd period - David Krejci wins face-off versus Colin Fraser in Predators zone.
9:45 of 3rd period - Shot by David Krejci.
9:45 of 3rd period - Shot Blocked by Derek Morris.
9:59 of 3rd period - Shot by David Krejci.
9:59 of 3rd period - Shot Misses the Net.
10:01 of 3rd period - Shot by Nathan Horton.
10:01 of 3rd period - Stopped by Pekka Rinne without a rebound.
10:02 of 3rd period - Nicklas Backstrom wins face-off versus Dustin Brown in Predators zone.
11:01 of 3rd period - Shot by Nicklas Backstrom.
11:01 of 3rd period - Deflect By Patrik Elias.
11:01 of 3rd period - Shot Misses the Net.
11:05 of 3rd period - Shot by Nicklas Backstrom.
11:05 of 3rd period - Deflect By Patrik Elias.
11:05 of 3rd period - Shot Blocked by Jordan Leopold.
11:07 of 3rd period - Shot by Nicklas Backstrom.
11:07 of 3rd period - Stopped by Tuukka Rask with a rebound.
11:09 of 3rd period - Shot by Zbynek Michalek.
11:09 of 3rd period - Shot Blocked by Zdeno Chara.
11:11 of 3rd period - Shot by Tomas Kaberle.
11:11 of 3rd period - Shot Misses the Net.
11:20 of 3rd period - Icing by Mark Recchi.
11:21 of 3rd period - Colin Fraser wins face-off versus Patrice Bergeron in Bruins zone.
11:55 of 3rd period - Brent Burns is hit by Martin Hanzal and loses puck.
12:33 of 3rd period - Minor Penalty to Niklas Kronwall for Holding.
12:34 of 3rd period - Paul Stastny wins face-off versus Jeff Carter in Bruins zone.
13:48 of 3rd period - Icing by Shea Weber.
13:49 of 3rd period - Paul Stastny wins face-off versus Nicklas Backstrom in Predators zone.
14:33 of 3rd period - Jeff Carter is hit by Milan Lucic and loses puck.
14:37 of 3rd period - Off-side.
14:38 of 3rd period - Patrice Bergeron wins face-off versus Steven Stamkos in neutral zone.
15:33 of 3rd period - Shot by Dustin Brown.
15:33 of 3rd period - Stopped by Pekka Rinne without a rebound.
15:34 of 3rd period - Henrik Zetterberg wins face-off versus Jeff Carter in Predators zone.
15:45 of 3rd period - Shot by Dustin Brown.
15:45 of 3rd period - Shot Misses the Net.
15:47 of 3rd period - Shot by Henrik Zetterberg.
15:47 of 3rd period - Shot Misses the Net.
15:49 of 3rd period - Shot by Niklas Kronwall.
15:49 of 3rd period - Shot Misses the Net.
15:54 of 3rd period - Icing by Shea Weber.
15:55 of 3rd period - Paul Stastny wins face-off versus Jeff Carter in Predators zone.
16:03 of 3rd period - Icing by Jeff Carter.
16:04 of 3rd period - Jeff Carter wins face-off versus David Krejci in Predators zone.
16:09 of 3rd period - Shot by Shea Weber.
16:09 of 3rd period - Stopped by Tuukka Rask with a rebound.
16:11 of 3rd period - Shot by Shea Weber.
16:11 of 3rd period - Stopped by Tuukka Rask without a rebound.
16:12 of 3rd period - Martin Hanzal wins face-off versus Patrik Elias in Bruins zone.
16:21 of 3rd period - Shot by Gregory Campbell.
16:21 of 3rd period - Shot Misses the Net.
16:28 of 3rd period - Icing by Tomas Kaberle.
16:29 of 3rd period - Paul Stastny wins face-off versus Nicklas Backstrom in Predators zone.
16:32 of 3rd period - Shot by Nathan Horton.
16:32 of 3rd period - Shot Hit the Post.
16:38 of 3rd period - Shot by Nicklas Backstrom.
16:38 of 3rd period - Stopped by Tuukka Rask without a rebound.
16:39 of 3rd period - David Krejci wins face-off versus Nicklas Backstrom in Bruins zone.
16:39 of 3rd period - Dustin Brown is hit by Patrik Elias and loses puck.
16:46 of 3rd period - Shot by Niklas Kronwall.
16:46 of 3rd period - Shot Misses the Net.
16:48 of 3rd period - Shot by Rich Peverley.
16:48 of 3rd period - Stopped by Pekka Rinne without a rebound.
16:49 of 3rd period - Paul Stastny wins face-off versus Jeff Carter in Predators zone.
16:53 of 3rd period - Icing by Brent Burns.
16:54 of 3rd period - David Krejci wins face-off versus Jeff Carter in Predators zone.
17:11 of 3rd period - Icing by Shea Weber.
17:12 of 3rd period - Jeff Carter wins face-off versus Martin Hanzal in Predators zone.
17:21 of 3rd period - Shot by Scottie Upshall.
17:21 of 3rd period - Stopped by Tuukka Rask with a rebound.
17:37 of 3rd period - Off-side.
17:38 of 3rd period - Patrice Bergeron wins face-off versus Simon Gagne in neutral zone.
17:38 of 3rd period - Zdeno Chara is hit by Steven Stamkos.
17:53 of 3rd period - Mark Recchi is hit by Derek Morris and loses puck.
18:47 of 3rd period - Minor Penalty to Milan Michalek for Interference.
18:48 of 3rd period - Jeff Carter wins face-off versus Paul Stastny in Predators zone.
19:10 of 3rd period - Dustin Brown is hit by Derek Morris and loses puck.
19:13 of 3rd period - Shot by Niklas Kronwall.
19:13 of 3rd period - Shot Misses the Net.
19:17 of 3rd period - Shot by Dustin Brown.
19:17 of 3rd period - Shot Blocked by Shea Weber.
19:19 of 3rd period - Shot by Dennis Seidenberg.
19:19 of 3rd period - Deflect By Rich Peverley.
19:19 of 3rd period - Shot Misses the Net.
19:21 of 3rd period - Shot by Paul Stastny.
19:21 of 3rd period - Shot Misses the Net.
19:23 of 3rd period - Shot by Dustin Brown.
19:23 of 3rd period - Deflect By Paul Stastny.
19:23 of 3rd period - Stopped by Pekka Rinne without a rebound.
19:24 of 3rd period - Jeff Carter wins face-off versus David Krejci in Predators zone.
19:55 of 3rd period - Shot by Henrik Zetterberg.
19:55 of 3rd period - Stopped by Pekka Rinne with a rebound.


Output by the SimonT Hockey Simulator (STHS) for Stephane Roy -- Original Page W3C XHTML 1.0 Valid